 Dungeon Crawl Stone Soup version 0.30-a0-622-gddc90eaa04 (webtiles) character file.

Game seed: 13602744941060806646

133900 Leeroy the Fencer (level 17, -3/139 HPs)
             Began as a Merfolk Gladiator on Jan 10, 2023.
             Was the Champion of Wu Jian.
             Killed from afar by a will-o-the-wisp (13 damage)
             ... with a foxfire
             ... on level 2 of the Swamp.
             The game lasted 01:08:04 (30551 turns).

Leeroy the Fencer (Merfolk Gladiator)              Turns: 30551, Time: 01:08:05

Health: -3/139     AC: 19    Str: 15    XL:     17   Next: 15%
Magic:  24/24      EV: 34    Int:  8    God:    Wu Jian [******]
Gold:   2118       SH: 18    Dex: 28    Spells: 20/26 levels left

rFire   . . .      SeeInvis .    j - +5 scimitar (flame)
rCold   . . .      Faith    .    L - +3 buckler
rNeg    . . .      Spirit   .    c - +4 troll leather armour
rPois   .          Reflect  +    B - +2 helmet
rElec   .          Harm     .    M - +2 cloak
rCorr   .          Rampage  .    P - +2 pair of gloves
Will    ++...                    (boots currently unavailable)
Stlth   ++++++                   G - amulet of reflection
HPRegen 1.23/turn                z - ring of willpower
MPRegen 0.19/turn                C - +6 ring of dexterity

@: exhausted, very quick
A: nimble swimmer 2, mertail
a: Renounce Religion, Wall Jump, Serpent's Lash, Heavenly Storm


You were on level 2 of the Swamp.
You worshipped Wu Jian.
Wu Jian was exalted by your worship.
You visited 7 branches of the dungeon, and saw 28 of its levels.

You collected 2485 gold pieces.
You spent 367 gold pieces at shops.

Inventory:

Hand Weapons
 j - a +5 scimitar of flaming (weapon)
 N - a +5 scimitar of protection
 R - a +0 quick blade
Missiles
 d - 5 throwing nets
 g - 52 poisoned darts (quivered)
 k - 8 curare-tipped darts
Armour
 c - a +4 troll leather armour (worn)
 i - a +2 robe of resistance
 l - the +0 buckler "Opnaxyr" {Rampage rN+++ Str-4}
   (You found it on level 1 of the Lair of Beasts)

   Str:       It affects your strength (-4).
   rN:        It renders you almost immune to negative energy.
   Rampage:   It bestows one free step when moving towards enemies.
 B - a +2 helmet (worn)
 L - a +3 buckler (worn)
 M - a +2 cloak (worn)
 P - a +2 pair of gloves (worn)
 U - the +0 cloak "Ezijair" {rPois rF- rN+ Slay+2}
   (You found it on level 1 of the Lair of Beasts)

   Slay:      It affects your accuracy & damage with ranged weapons and melee
   (+2).
   rF:        It makes you vulnerable to fire.
   rPois:     It protects you from poison.
   rN:        It protects you from negative energy.
Jewellery
 b - a +4 ring of protection
 z - a ring of willpower (left hand)
 C - a +6 ring of dexterity (right hand)
 G - an amulet of reflection (around neck)
 H - a ring of protection from cold
 S - the ring "Xufegg" {Ice Will+ Dex+4}
   (You found it on level 4 of the Lair of Beasts)

   [ring of ice]

   It enhances your ice magic.
   Dex:       It affects your dexterity (+4).
   rF:        It makes you vulnerable to fire.
   rC:        It protects you from cold.
   Will:      It increases your willpower.
 V - a ring of poison resistance
 X - an amulet of regeneration
 Z - an amulet of the acrobat
Wands
 h - a wand of paralysis (20)
 K - a wand of mindburst (26)
 O - a wand of flame (33)
 Q - a wand of acid (22)
 W - a wand of polymorph (2)
 Y - a wand of iceblast (4)
Scrolls
 f - 4 scrolls of blinking
 n - 3 scrolls of brand weapon
 o - 6 scrolls of poison
 r - 7 scrolls of vulnerability
 w - 2 scrolls of fear
 y - 8 scrolls of teleportation
 A - 6 scrolls of magic mapping
 I - 2 scrolls of silence
 T - a scroll of fog
Potions
 a - 3 potions of attraction
 e - 3 potions of flight
 m - 2 potions of heal wounds
 p - 4 potions of magic
 q - 5 potions of brilliance
 s - 7 potions of ambrosia
 u - 7 potions of mutation
 v - 5 potions of haste
 x - 15 potions of curing
 D - a potion of resistance
 E - 6 potions of might
 F - a potion of lignification
 J - 7 potions of cancellation
Miscellaneous
 t - a lightning rod (4/4)


   Skills:
 - Level 14.0 Fighting
 - Level 18.0 Long Blades
 - Level 0.2(0.5) Axes
 - Level 0.3(0.5) Maces & Flails
 - Level 1.0(1.2) Polearms
 - Level 0.3(0.6) Staves
 - Level 0.2 Ranged Weapons
 - Level 2.0 Throwing
 - Level 7.5 Armour
 + Level 15.5 Dodging
 - Level 10.1 Stealth
 - Level 15.0 Shields
 - Level 5.2 Spellcasting
 - Level 0.4 Hexes
 - Level 0.5 Summonings
 - Level 0.3 Necromancy
 - Level 0.4 Translocations
 - Level 0.5 Transmutations
 - Level 0.1 Fire Magic
 - Level 0.3 Ice Magic
 - Level 0.3 Earth Magic
 - Level 0.3 Invocations


You had 20 spell levels left.
You knew the following spells:

 Your Spells              Type           Power      Damage    Failure   Level
a - Mephitic Cloud        Conj/Pois/Air  2%         N/A       71%         3
b - Dazzling Flash        Conj/Hex       4%         N/A       67%         3

Your spell library contained the following spells:

 Spells                   Type           Power      Damage    Failure   Level
 Kiss of Death            Conj/Necr      8%         2d6       32%         1
 Foxfire                  Conj/Fire      8%         2x1d4     34%         1
 Magic Dart               Conj           8%         1d3       34%         1
 Call Imp                 Summ           2%         N/A       38%         2
 Cigotuvi's Dreadful Rot  Necr/Pois/Air  4%         N/A       45%         2
 Poisonous Vapours        Pois/Air       4%         N/A       47%         2
 Petrify                  Tmut/Erth      2%         N/A       96%         4
 Animate Dead             Necr           2%         N/A       97%         4
 Iskenderun's Mystic Bla  Conj/Tloc      2%         2d3       97%         4
 Agony                    Necr           2%         N/A       100%        5
 Borgnjor's Vile Clutch   Necr/Erth      1%         N/A       100%        5
 Freezing Cloud           Conj/Ice/Air   1%         6-21      100%        5
 Metabolic Englaciation   Hex/Ice        1%         N/A       100%        5
 Silence                  Hex/Air        1%         N/A       100%        5
 Yara's Violent Unravell  Hex/Tmut       1%         3d3       100%        5
 Conjure Ball Lightning   Conj/Air       1%         3x3d6     100%        6
 Death Channel            Necr           1%         N/A       100%        6
 Starburst                Conj/Fire      1%         6d3       100%        6
 Statue Form              Tmut/Erth      1%         N/A       100%        6
 Enfeeble                 Hex            1%         N/A       100%        7
 Discord                  Hex            1%         N/A       100%        8
 Disjunction              Tloc           1%         N/A       100%        8


Dungeon Overview and Level Annotations

Branches:
Dungeon (14/15)            Temple (1/1) D:7            Lair (5/5) D:9
  Swamp (4/4) Lair:3        Snake (1/4) Lair:2        Slime (1/5) Lair:5
    Orc (2/2) D:12            Elf (0/3) Orc:2        Vaults (0/5) D:13

Altars:
Ashenzari
Cheibriados
Dithmenos
Elyvilon
Fedhas
Gozag
Hepliaklqana
Kikubaaqudgha
Makhleb
Nemelex Xobeh
Okawaru
Qazlal
Ru
Sif Muna
Trog
Uskayaw
Vehumet
Wu Jian
Xom
Yredelemnul
Zin
The Shining One

Shops:
D:11 *   D:12 *   Orc:2 =[*

Annotations:
D:7 1 runed translucent door, Dirtsage's ghost, novice OpTm; Maggie; Pikel
D:11 2 runed translucent doors, Cazadu Loac's ghost, journeyman DsGl
Lair:3 exclusion: oklob plant
Lair:4 2 transporters, archydragon's ghost, journeyman MiGl
Swamp:4 exclusion: oklob plant
Snake:1 Donald


Innate Abilities, Weirdness & Mutations

You are very nimble when in or above water. (Stealth+, EV+, Speed+++)
Your lower body shifts to a powerful aquatic tail in water.


Message History

The alligator completely misses you. The alligator misses you.
You lunge at the will-o-the-wisp.
You slice the will-o-the-wisp!! You burn the will-o-the-wisp.
You tail-slap the will-o-the-wisp.
The will-o-the-wisp is severely damaged.
You spin and attack the alligator.
You slice the alligator!! You burn the alligator. You tail-slap the alligator.
The alligator is heavily wounded.
You are engulfed in a cloud of scalding steam.
The foxfire dissipates!
You block the alligator's attack.
The alligator tail-slaps you but does no damage.
You hit the will-o-the-wisp. You burn the will-o-the-wisp.
The will-o-the-wisp is almost destroyed.
You are engulfed in a cloud of scalding steam.
The will-o-the-wisp gestures.
The will-o-the-wisp conjures some foxfire!
The will-o-the-wisp gestures.
The will-o-the-wisp conjures some foxfire!
The alligator completely misses you. x2 4 foxfires come into view.
You feel much better.
The foxfire hits you! x2; The alligator bites you!
* * * LOW HITPOINT WARNING * * *
The alligator completely misses you.
The will-o-the-wisp gestures.
The will-o-the-wisp conjures some foxfire!
The will-o-the-wisp gestures.
The will-o-the-wisp conjures some foxfire! 4 foxfires come into view.
You barely miss the will-o-the-wisp.
Your tail-slap misses the will-o-the-wisp.
The will-o-the-wisp is almost destroyed.
You are engulfed in a cloud of scalding steam.
The foxfire hits you!
* * * LOW HITPOINT WARNING * * *
The foxfire hits you!
* * * LOW HITPOINT WARNING * * *
The foxfire hits you.
* * * LOW HITPOINT WARNING * * *
The foxfire hits you!
You die...

♣...♣♣♣.†.♣ [ §.§..≈♣
....♣≈....♣# . §.$..≈♣
...#####..≈# Z~ §.)..≈♣
...#♣.♣#~.≈##~~♣ .....≈♣
.~.#~♣.#..≈#n..♣ .v§..≈♣
.~~#.♣.~...#######v§...≈♣
...#####....♣.§§§§v§...≈♣
.....≈ ♣...♣.§♣§§t§.$..≈♣
.♣♣..≈≈♣≈≈≈≈≈≈vv@v≈≈≈≈≈≈♣
♣♣ ♣♣♣♣♣♣♣♣♣♣♣♣♣♣♣♣♣♣♣♣♣♣


You could see an alligator (swift) and 3 will-o-the-wisps.

Vanquished Creatures
  3 thorn hunters
  2 fenstrider witches
  An orc warlord (Orc:2)
  3 hydra zombies (Swamp:4)
  4 ghouls
  2 vampire knights (Swamp:4)
  9 eleionomae
  3 bunyips
  3 shambling mangroves (Swamp:4)
  A great orb of eyes (shapeshifter) (D:12)
  2 ghost crabs (Swamp:4)
  14 hydras
  2 catoblepae (Lair:5)
  2 dancing weapons (D:13)
  6 death yaks
  A centaur warrior (D:10)
  Erica (D:10)
  4 two-headed ogres
  8 alligators
  2 orc high priests (Orc:2)
  A spriggan (Swamp:3)
  9 goliath frogs
  A death drake (Swamp:3)
  2 flayed ghosts (Swamp:4)
  4 spriggan druids
  14 bog bodies
  8 swamp dragons
  A spectral hydra (Swamp:4)
  4 orc knights
  A lindwurm (Lair:5)
  4 will-o-the-wisps
  An ugly thing (D:13)
  2 deep elf pyromancers
  3 orc sorcerers
  3 cyclopes
  3 manticores
  A manticore (shapeshifter) (D:12)
  A salamander (Snake:1)
  9 elephants
  A torpor snail (Lair:2)
  A black mamba (Lair:5)
  A gargoyle (D:11)
  7 spectral spriggans (Swamp:2)
  5 cane toads
  2 unseen horrors
  3 freezing wraiths
  9 komodo dragons
  3 rime drakes
  12 trolls
  A death drake zombie (Swamp:4)
  A queen bee (Lair:2)
  4 bloated husks
  12 tyrant leeches
  12 blink frogs
  16 hornets
  12 polar bears
  7 raiju (Lair:5)
  A death drake skeleton (Swamp:4)
  12 dream sheep
  7 slime creatures (D:12)
  A centaur simulacrum (D:11)
  Sigmund (D:6)
  39 yaks
  2 shadows
  A wyvern (Lair:5)
  A wraith (D:12)
  A basilisk (Lair:5)
  An unseen horror simulacrum (D:9)
  14 vampire mosquitoes
  6 wargs
  14 swamp worms
  Menkaure (D:7)
  3 nagas (Lair:2)
  10 hell hounds (Lair:5)
  7 water moccasins
  5 hydra simulacra (Swamp:4)
  14 black bears
  6 swamp drakes (Swamp:4)
  3 ice beasts
  29 orc warriors
  7 ogres
  2 swamp dragon zombies (Swamp:4)
  31 wolves
  7 centaurs
  2 phantoms (D:6)
  8 kobold brigands
  7 bullfrogs
  5 necrophages
  6 gnoll sergeants
  2 water moccasin zombies (D:6)
  8 wights
  20 killer bees
  The ghost of Leeroy the Ruffian, a weakling DrTm (D:3)
  3 electric eels
  4 howler monkeys
  A bullfrog zombie (D:6)
  A centaur zombie (D:6)
  A jelly (D:5)
  A hound (D:6)
  7 orc priests
  A bullfrog skeleton (D:6)
  7 iguanas
  19 orc wizards
  A hell rat (Lair:5)
  A hound zombie (D:3)
  A killer bee simulacrum (D:9)
  A howler monkey skeleton (D:6)
  20 gnolls
  9 adders
  A howler monkey simulacrum (D:9)
  3 white imps (D:9)
  2 ufetubi (D:9)
  2 worms
  3 dart slugs
  64 orcs
  10 ball pythons
  7 endoplasms
  3 giant cockroaches
  7 goblins
  7 hobgoblins
  12 jackals
  4 quokkas
  A ball python zombie (D:3)
  5 bats
  4 frilled lizards
  25 kobolds
  25 rats
  A briar patch (Swamp:4)
803 creatures vanquished.

Vanquished Creatures (others)
  A bloated husk (Swamp:4)
  A shadow (D:12)
  27 foxfires (Swamp:2)
  25 fungi
  35 plants
  2 withered plants (D:6)
91 creatures vanquished.

Grand Total: 894 creatures vanquished

Notes
Turn   | Place    | Note
-------+----------+-------------------------------------------
     0 | D:1      | Leeroy the Merfolk Gladiator began the quest for the Orb.
     0 | D:1      | Reached XP level 1. HP: 16/16 MP: 1/1
    21 | D:1      | Reached skill level 4 in Long Blades
    21 | D:1      | Reached skill level 1 in Stealth
    21 | D:1      | Reached XP level 2. HP: 22/22 MP: 2/2
   469 | D:1      | Reached XP level 3. HP: 27/27 MP: 3/3
   745 | D:1      | Reached skill level 5 in Long Blades
  1001 | D:2      | Reached XP level 4. HP: 29/33 MP: 4/4
  1060 | D:2      | Found a faded altar of an unknown god.
  1663 | D:3      | Found a basalt altar of Yredelemnul.
  1702 | D:3      | Reached skill level 6 in Long Blades
  1956 | D:3      | Reached XP level 5. HP: 38/38 MP: 5/5
  2353 | D:3      | Found a large runed translucent door.
  2353 | D:3      | Found a large runed translucent door.
  2363 | D:3      | Noticed Leeroy's ghost (weakling DrTm)
  2602 | D:4      | Reached skill level 7 in Long Blades
  2620 | D:4      | Reached XP level 6. HP: 14/44 MP: 6/6
  2790 | D:3      | Killed Leeroy's ghost
  3147 | D:4      | Reached skill level 8 in Long Blades
  3162 | D:4      | Noticed a black bear
  3201 | D:4      | Killed a black bear
  3202 | D:4      | Reached skill level 9 in Long Blades
  3202 | D:4      | Reached XP level 7. HP: 50/50 MP: 7/7
  3392 | D:4      | Learned a level 3 spell: Mephitic Cloud
  3885 | D:5      | Entered Level 5 of the Dungeon
  4005 | D:5      | Reached skill level 10 in Long Blades
  4475 | D:5      | Found a white marble altar of Elyvilon.
  4960 | D:5      | Reached XP level 8. HP: 49/56 MP: 8/8
  5075 | D:6      | Noticed Sigmund
  5087 | D:6      | Killed Sigmund
  5088 | D:6      | Reached skill level 11 in Long Blades
  5190 | D:6      | Reached skill level 12 in Long Blades
  5744 | D:6      | Found a radiant altar of Vehumet.
  5747 | D:6      | Found an opulent altar of Gozag.
  5747 | D:6      | Found a broken altar of Ashenzari.
  5747 | D:6      | Found a hide-covered altar of Uskayaw.
  5749 | D:6      | Found a burning altar of Makhleb.
  5750 | D:6      | Found a sparkling altar of Nemelex Xobeh.
  5828 | D:6      | Reached skill level 13 in Long Blades
  6049 | D:7      | Found a staircase to the Ecumenical Temple.
  6105 | D:7      | Found a blossoming altar of Fedhas.
  6194 | D:7      | Reached XP level 9. HP: 53/61 MP: 9/9
  6239 | D:7      | Reached skill level 5 in Dodging
  6455 | D:7      | Found a runed translucent door.
  6455 | D:7      | Found a shimmering altar of Xom.
  6455 | D:7      | Noticed Dirtsage's ghost (novice OpTm)
  6456 | D:7      | Noticed a +0 spear of chaos
  6479 | D:7      | Noticed a hornet
  6544 | D:7      | Noticed Pikel
  6571 | Temple   | Entered the Ecumenical Temple
  6723 | Temple   | Became a worshipper of the Wu Jian Council
  6781 | D:7      | Noticed Menkaure
  6816 | D:7      | Killed Menkaure
  7056 | D:7      | Noticed Maggie
  7120 | D:8      | Noticed a hornet
  7263 | D:8      | Killed a hornet
  7968 | D:8      | Reached skill level 10 in Dodging
  8324 | D:8      | Found a sacrificial altar of Ru.
  8376 | D:9      | Found a staircase to the Lair.
  8727 | D:9      | Reached XP level 10. HP: 66/67 MP: 10/10
  8758 | D:9      | Reached * piety under Wu Jian
  9057 | D:9      | Noticed a two-headed ogre
  9584 | D:9      | Reached ** piety under Wu Jian
  9834 | D:10     | Entered Level 10 of the Dungeon
  9857 | D:10     | Noticed a two-headed ogre
  9931 | Lair:1   | Entered Level 1 of the Lair of Beasts
 10211 | Lair:1   | Noticed a cane toad
 10226 | D:9      | Reached skill level 5 in Fighting
 10358 | D:9      | Reached XP level 11. HP: 81/81 MP: 11/11
 10558 | Lair:1   | Identified the +0 buckler "Opnaxyr" {Rampage rN+++ Str-4}
 10877 | Lair:1   | Identified the +0 cloak "Ezijair" {rPois rF- rN+ Slay+2}
 11489 | Lair:2   | Found a staircase to the Snake Pit.
 11515 | Lair:2   | Reached skill level 10 in Fighting
 11681 | Lair:2   | Reached skill level 14 in Long Blades
 12408 | Lair:3   | Noticed an oklob plant
 12550 | Lair:2   | Reached skill level 15 in Long Blades
 12579 | Lair:3   | Reached *** piety under Wu Jian
 12596 | Lair:2   | Reached XP level 12. HP: 67/97 MP: 12/12
 12849 | Lair:3   | Reached skill level 16 in Long Blades
 12978 | Lair:3   | Found a staircase to the Swamp.
 13053 | Lair:3   | Noticed a four-headed hydra
 13183 | Snake:1  | Entered Level 1 of the Snake Pit
 13475 | Snake:1  | Identified the +4 kite shield of Inference {Contam rC+
                  | rCorr Dex+8}
 13475 | Snake:1  | Noticed Donald
 13483 | Snake:1  | Noticed a naga warrior
 13647 | D:9      | Killed a two-headed ogre
 13741 | D:10     | Noticed a centaur warrior
 13757 | D:10     | Killed a centaur warrior
 13758 | D:10     | Reached skill level 5 in Stealth
 13826 | D:10     | Found an ancient bone altar of Kikubaaqudgha.
 14186 | D:10     | Noticed Erica
 14791 | D:11     | Noticed a two-headed ogre
 14819 | D:11     | Killed a two-headed ogre
 14832 | D:11     | Noticed Cazadu Loac's ghost (journeyman DsGl)
 14838 | D:11     | Noticed an ogre mage
 14916 | D:11     | Found a runed translucent door.
 14916 | D:11     | Noticed an entropy weaver
 14918 | D:11     | Found a runed translucent door.
 14922 | D:11     | Found Daxudimm's Assorted Antiques.
 14931 | D:11     | Bought a scroll of brand weapon for 247 gold pieces
 15222 | D:11     | Noticed a lich
 15411 | D:11     | Noticed an ice dragon
 15415 | D:11     | an ice dragon changed into a radroach
 15415 | D:11     | Noticed a radroach (shapeshifter)
 15594 | D:12     | Found a staircase to the Orcish Mines.
 15599 | D:12     | Reached skill level 10 in Stealth
 15632 | D:12     | Reached **** piety under Wu Jian
 15665 | D:12     | Reached skill level 1 in Polearms
 15711 | D:12     | Reached skill level 1 in Spellcasting
 15713 | D:12     | Noticed a fire dragon
 15719 | D:12     | Noticed a great orb of eyes
 15732 | D:12     | Killed a great orb of eyes
 15732 | D:12     | Reached XP level 13. HP: 61/103 MP: 13/17
 16166 | D:12     | Found Pefurase's Demolitions Depot.
 16584 | Orc:1    | Entered Level 1 of the Orcish Mines
 16853 | Orc:1    | Reached skill level 5 in Spellcasting
 17004 | Orc:2    | Entered Level 2 of the Orcish Mines
 17005 | Orc:2    | Found Minaklir's Antique Weapon Shoppe.
 17211 | Orc:1    | Reached skill level 1 in Shields
 17438 | Orc:2    | Found a staircase to the Elven Halls.
 17478 | Orc:2    | Noticed an orc warlord
 18203 | Orc:1    | Reached skill level 5 in Shields
 19131 | Orc:2    | Found Nopagao's Jewellery Emporium.
 19142 | Orc:2    | Found Cemadd's Antique Armour Shoppe.
 19419 | Orc:2    | Killed an orc warlord
 19595 | Orc:2    | Found Doetz's General Store.
 19603 | Orc:2    | Bought a scroll of enchant armour for 120 gold pieces
 19967 | Orc:1    | Reached ***** piety under Wu Jian
 20301 | Orc:1    | Found a runed translucent door.
 20707 | D:13     | Found a gate to the Vaults.
 21164 | D:13     | You fall into a shaft and drop 1 floor!
 21539 | D:10     | Killed Erica
 21540 | D:10     | Reached XP level 14. HP: 110/110 MP: 21/21
 21584 | D:10     | Reached skill level 10 in Shields
 22400 | Lair:3   | Identified the +9 broad axe of Starshine {freeze, Fly Int+4
                  | SInv}
 23004 | Lair:4   | Identified the ring "Xufegg" {Ice Will+ Dex+4}
 23454 | Lair:4   | Found a transporter.
 23459 | Lair:4   | Noticed archydragon's ghost (journeyman MiGl)
 23878 | Lair:4   | Found a transporter.
 23892 | Lair:5   | Entered Level 5 of the Lair of Beasts
 23892 | Lair:5   | Found a staircase to the Slime Pits.
 24923 | Lair:5   | Reached XP level 15. HP: 115/115 MP: 22/22
 25260 | Lair:5   | Reached ****** piety under Wu Jian
 25401 | Lair:5   | Reached skill level 15 in Shields
 25504 | Lair:5   | Got Kumyam's Dissertation on Energy
 25607 | Slime:1  | Entered Level 1 of the Pits of Slime
 25733 | Swamp:1  | Entered Level 1 of the Swamp
 26497 | Swamp:1  | Reached skill level 17 in Long Blades
 26800 | Swamp:1  | Reached skill level 18 in Long Blades
 27107 | Swamp:2  | Identified the +0 leather armour of Mumblety Peg {Dex+3}
 27228 | Swamp:2  | Noticed a thorn hunter
 27378 | Swamp:2  | Noticed a ghoul
 27392 | Swamp:2  | Killed a ghoul
 27510 | Swamp:3  | Noticed a ghoul
 27511 | Swamp:3  | Noticed a ghoul
 27532 | Swamp:3  | Killed a ghoul
 27538 | Swamp:3  | Killed a ghoul
 27555 | Swamp:3  | Reached XP level 16. HP: 129/129 MP: 23/23
 27642 | Swamp:3  | Noticed a fenstrider witch
 27652 | Swamp:3  | Killed a fenstrider witch
 28240 | Swamp:4  | Entered Level 4 of the Swamp
 28244 | Swamp:4  | Reached skill level 1 in Armour
 28505 | Swamp:4  | Noticed a fenstrider witch
 28512 | Swamp:4  | Killed a fenstrider witch
 28598 | Swamp:4  | Noticed a thorn hunter
 29189 | Swamp:3  | Learned a level 3 spell: Dazzling Flash
 29549 | Swamp:4  | Reached skill level 5 in Armour
 29623 | Swamp:4  | Found a basalt altar of Yredelemnul.
 29783 | Swamp:4  | Noticed a thorn hunter
 29784 | Swamp:4  | Noticed a thorn hunter
 29797 | Swamp:4  | Killed a thorn hunter
 29814 | Swamp:4  | Killed a thorn hunter
 30067 | Swamp:2  | Killed a thorn hunter
 30349 | Swamp:2  | Reached XP level 17. HP: 133/139 MP: 24/24
 30469 | Swamp:2  | Reached skill level 15 in Dodging
 30551 | Swamp:2  | Killed from afar by a will-o-the-wisp

Illustrated notes

Levels and vault maps discovered:
D:1:      erik_arrival_blinker_ship, layout_basic
D:2:      layout_loops_ring, hellmonk_ecumenical_altar_pennies_from_heaven,
          minmay_pentomino_pile
D:3:      layout_loops_corners, lemuel_zombie_altar_yredelemnul,
          ebering_ghost_disaster_area, minmay_rat_hole
D:4:      layout_loops_corners
D:5:      layout_gridville, elyvilon_altar_4, dreamdust_princess_corridor
D:6:      layout_loops_cross, grunt_temple_overflow_open, serial_undead,
          serial_undead_e, serial_undead_f, serial_undead_e, serial_undead_a,
          kennysheep_cross_room, uniq_sigmund
D:7:      layout_gridville, mainiacjoe_overflow_24_doors,
          minmay_temple_entry_nine_rooms, ebering_ghost_xom, feat_on_display,
          uniq_pikel, uniq_menkaure, uniq_maggie
D:8:      layout_loops_ring, lemuel_coloured_pillars_altar
D:9:      layout_basic, lair_entry_dummy, serial_ice, serial_ice_i,
          serial_ice_n, serial_ice_m, serial_ice_g
D:10:     layout_layer_cave, nicolae_kikubaaqudgha_miasma_corner, minmay_bent,
          uniq_erica
D:11:     layout_cave_pools, muffindrake_ghost_dual_entry,
          serial_co_window_serial, co_window_of_opportunity_a,
          co_window_paths_a, co_window_paths_b, co_window_paths_a,
          co_window_cross_1, co_window_corner_ca, co_window_unsneaky_path_d,
          co_window_2corner, co_window_4corner_b, co_window_paths_d,
          glass_columns_c, glass_columns_a, glass_columns_a, glass_columns_a,
          glass_columns_b, serial_shops, nicolae_shop_waterfront
D:12:     layout_cave_pools, kennysheep_orc_monster_closet_entryway,
          serial_co_window_serial, co_window_corner_a, co_window_paths_b,
          co_window_paths_a, co_window_corner_a, co_window_corner_a,
          co_window_paths_c, co_window_2corner, co_window_corner_cb,
          co_window_broadway_b, co_window_broadway_c, co_window_paths_e,
          co_window_4corner_b, glass_columns_a, glass_columns_a,
          glass_columns_b, nicolae_blasting_shop, kennysheep_another_room
D:13:     layout_loops_ring, erik_vaults_1, nrook_loot_triangle,
          hangedman_aviary
D:14:     minmay_box_of_curves, layout_loops_corners, eino_curves_02,
          xom_teletrap_fun
Temple:   nicolae_temple_bog_church
Lair:1:   layout_misc_corridors, nicolae_lair_lil_pond, dreamdust_wasp_nest,
          serial_bayou_shore_a
Lair:2:   layout_loops_ring, guppyfry_snake_entry_garden, special_room
          [special_room_bee]
Lair:3:   layout_cave_pods, swamp_mist, chequers_serial_rivers_micro_e
Lair:4:   layout_regular_city, gammafunk_ghost_berserking_beasts,
          chequers_serial_rivers_micro_b, chequers_serial_rivers_micro_c,
          minivault_24, nicolae_quartered_pool_little
Lair:5:   hangedman_lair_caniforms_friends, layout_cellular_growth,
          hangedman_lair_in_review, slime_entry_1
Swamp:1:  layout_basic_swamp, evilmike_swamp_ruin_house_5
Swamp:2:  nicolae_swamp_flooded_prison, layout_basic_swamp,
          hangedman_swamp_diagram, swamp_pool2, hangedman_swamp_ravenous,
          infiniplex_staircase_pool_2
Swamp:3:  layout_basic_swamp, nicolae_swamp_little_tower
Swamp:4:  byrel_swamp_growth_death_and_undeath, layout_basic_swamp
Snake:1:  hangedman_cross_veins, layout_layer_cave, uniq_donald
Slime:1:  layout_caves
Orc:1:    layout_caves, lightli_church_of_beogh
Orc:2:    grunt_orc_gardens, layout_caves, grunt_orc_garden, grunt_orc_garden,
          grunt_orc_garden, grunt_orc_garden, mines2_david

Skill      XL: |  1  2  3  4  5  6  7  8  9 10 11 12 13 14 15 16 17 |
---------------+----------------------------------------------------+-----
Long Blades    | 4 5 6 7 9 10 13 15 16 18 | 18.0
Stealth        | 1 2 10 | 10.1
Dodging        | 10 14 15 | 15.5
Fighting       | 6 10 12 14 | 14.0
Polearms       | 1 |  1.0
Spellcasting   | 3 5 |  5.2
Shields        | 9 14 15 | 15.0
Armour         | 7 |  7.5
Axes           | |  0.2
Maces & Flails | |  0.3
Staves         | |  0.3
Ranged Weapons | |  0.2
Throwing       | |  2.0
Hexes          | |  0.4
Summonings     | |  0.5
Necromancy     | |  0.3
Translocations | |  0.4
Transmutations | |  0.5
Fire Magic     | |  0.1
Ice Magic      | |  0.3
Earth Magic    | |  0.3
Invocations    | |  0.3

Action                   |  1- 3 |  4- 6 |  7- 9 | 10-12 | 13-15 | 16-18 || total
-------------------------+-------+-------+-------+-------+-------+-------++-------
Melee: Long sword        |   103 |   198 |   234 |       |       |       ||   535
       Punch             |     2 |     2 |     2 |       |       |       ||     6
       Tailslap          |       |     2 |       |     3 |    50 |    54 ||   109
       Scimitar          |       |       |   102 |   675 |  1483 |   499 ||  2759
       Quick blade       |       |       |       |       |       |    29 ||    29
Throw: Throwing net      |       |     2 |     1 |     2 |       |       ||     5
       Dart              |       |       |       |       |    13 |       ||    13
Invok: Lunge             |       |       |    19 |    45 |    64 |    26 ||   154
       Whirlwind         |       |       |       |    93 |   158 |    78 ||   329
       Serpent's Lash    |       |       |       |     2 |     7 |     7 ||    16
       Heavenly Storm    |       |       |       |       |       |     1 ||     1
 Abil: Wall Jump         |       |       |       |     8 |    33 |    25 ||    66
Evoke: Wand              |       |       |       |     3 |    14 |     1 ||    18
  Use: Scroll            |       |       |    13 |     9 |    17 |     1 ||    40
       Potion            |       |       |     1 |     1 |     4 |     7 ||    13
 Stab: Sleeping          |     2 |     5 |     8 |     5 |    29 |    12 ||    61
       Held in net/web   |       |     1 |     1 |     3 |       |       ||     5
       Distracted        |       |       |     1 |     4 |     4 |     4 ||    13
       Petrified         |       |       |       |       |     3 |       ||     3
       Petrifying        |       |       |       |       |     1 |       ||     1
Armor: Leather armour    |    40 |    69 |    67 |    80 |       |       ||   256
       Troll leather arm |       |       |       |    45 |   191 |    94 ||   330
Dodge: Dodged            |    74 |   133 |   179 |   635 |   939 |   332 ||  2292
Block: Buckler           |       |       |    36 |   198 |   917 |   306 ||  1457
       Reflection        |       |       |       |       |    21 |     6 ||    27

Table legend: (Time is in decaauts)
 A = Elapsed time spent in this place.
 B = Non-inter-level travel time spent in this place.
 C = Inter-level travel time spent in this place.
 D = Time resting spent in this place.
 E = Time spent auto-exploring this place.
 F = Levels seen in this place.
 G = Mean time per level.
                   A        B        C        D        E       F      G
               +--------+--------+--------+--------+--------+-----+--------+
         Total |  29705 |  27960 |   1745 |   6248 |  15485 |  28 | 1060.9 |
       Dungeon |  14527 |  13596 |    931 |   1229 |   9507 |  14 | 1037.6 |
        Temple |    135 |     97 |     38 |      0 |     87 |   1 |  135.0 |
          Lair |   6670 |   6140 |    530 |    827 |   3866 |   5 | 1334.0 |
         Swamp |   4326 |   4250 |     76 |   1828 |   1266 |   4 | 1081.5 |
     Snake Pit |    314 |    314 |      0 |    158 |    111 |   1 |  314.0 |
    Slime Pits |      1 |      1 |      0 |      0 |      0 |   1 |    1.0 |
  Orcish Mines |   3730 |   3561 |    169 |   2206 |    648 |   2 | 1865.0 |
               +--------+--------+--------+--------+--------+-----+--------+

Top non-repeatable levels by time:
   Orc:1: 2653 daAuts
  Lair:5: 1648 daAuts
     D:3: 1624 daAuts
     D:7: 1485 daAuts
    D:12: 1480 daAuts
  Lair:3: 1436 daAuts
     D:9: 1422 daAuts
 Swamp:3: 1402 daAuts
  Lair:1: 1351 daAuts
  Lair:2: 1300 daAuts
 Swamp:1: 1214 daAuts
    D:10: 1209 daAuts
     D:5: 1166 daAuts
     D:8: 1102 daAuts
    D:11: 1082 daAuts
